 Dungeon Crawl Stone Soup version 0.22.1-2-g9c5b331 (webtiles) character file.

221 redwoodhats the Poker (level 5, -1/33 HPs)
             Began as a Tengu Monk on Dec 12, 2018.
             Was a Believer of Ashenzari.
             Slain by a slave (7 damage)
             ... led by Pikel
             ... on level 4 of the Dungeon.
             The game lasted 00:27:23 (3918 turns).

redwoodhats the Poker (Tengu Monk)                  Turns: 3918, Time: 00:27:23

Health: -1/33      AC:  7    Str:  8 (11) XL:     5   Next: 98%
Magic:  6/6        EV: 10    Int: 11      God:    Ashenzari [**....]
Gold:   132        SH:  0    Dex: 19      Spells: 4/4 levels left

rFire    . . .     SeeInvis .   p - +0 trident
rCold    . . .     Gourm    .   (no shield)
rNeg     . . .     Faith    .   l - +0 scale mail (curse)
rPois    +         Spirit   .   (helmet restricted)
rElec    .         Reflect  .   (no cloak)
rCorr    .         Harm     .   i - +0 pair of gloves (curse)
MR       +....                  (boots unavailable)
Stlth    ++........             (no amulet)
HPRegen  0.11/turn              (no ring)
MPRegen  0.10/turn              (no ring)

@: no status effects
A: beak, talons 3, thin skeletal structure 1, magic resistance 1, poison
resistance, able to fly 1
a: Fly, Curse Item, Scrying, Renounce Religion


You were on level 4 of the Dungeon.
You worshipped Ashenzari.
Ashenzari was pleased with you.
You were very hungry.

You visited 1 branch of the dungeon, and saw 4 of its levels.

You collected 132 gold pieces.

Inventory:

Hand Weapons
 d - a +0 spear
 e - a +0 hunting sling
 p - a +0 trident (weapon)
 q - a cursed -2 dagger
Missiles
 a - 22 sling bullets
 f - 136 stones
 k - 2 tomahawks (quivered)
Armour
 b - a +1 robe
 i - a cursed +0 pair of gloves (worn)
 l - a cursed +0 scale mail (worn)
 o - a +3 leather armour
Magical Staves
 h - an uncursed staff of power
Jewellery
 j - an uncursed ring of protection from cold
Scrolls
 n - 4 scrolls of identify
Potions
 g - 2 potions of curing
Comestibles
 c - 7 rations


   Skills:
 + Level 3.7 Fighting
 + Level 4.8 Polearms
 + Level 1.7 Slings
 + Level 0.1(1.0) Throwing
 + Level 1.1 Armour
 + Level 4.4 Dodging
 + Level 2.6 Stealth


You had 4 spell levels left.
You didn't know any spells.
Your spell library was empty.

Dungeon Overview and Level Annotations

Branches:
Dungeon (4/15)
 Temple: D:4-7

Altars:
Ashenzari

Annotations:
D:4 Pikel


Innate Abilities, Weirdness & Mutations

You have a beak for a mouth.
You have claws for feet.
You can fly.
You have a somewhat thin skeletal structure. (Dex +2, Stealth)
You are resistant to hostile enchantments. (MR+)
Your system is resistant to poisons. (rPois)


Message History

You hit the slave. You claw the slave.
The slave is moderately wounded.
The slave closely misses you.
You completely miss the slave. Your kick misses the slave.
The slave is moderately wounded.
The slave hits you but does no damage.
You hit the slave. Your kick misses the slave.
The slave is heavily wounded.
The slave hits you but does no damage.
You hit the slave but do no damage.
The slave is heavily wounded.
The slave hits you!
You hit the slave but do no damage. You peck the slave, but do no damage.
The slave is heavily wounded.
The slave hits you.
* * * LOW HITPOINT WARNING * * *
You hit the slave but do no damage. You claw the slave, but do no damage.
The slave is heavily wounded.
The slave hits you!
You die...

### #################.#
.......@pp........# *
#################.######
#.......
######################p....
#..............p..p{.......
##.###################.....
#.# #####....###.### #.#
#...'....'...... #p#
#.###....###....


You could see 2 slaves.

Vanquished Creatures
  A slave (D:4)
  Natasha (D:4)
  2 worker ants
  4 adders
  A shadow imp (D:2)
  3 worms
  2 dart slugs
  3 leopard geckos
  4 orcs (D:3)
  2 giant cockroaches (D:1)
  7 goblins
  11 hobgoblins
  13 jackals
  A quokka (D:3)
  A ball python (D:2)
  9 bats
  5 frilled lizards
  10 kobolds
  5 rats
85 creatures vanquished.

Notes
Turn   | Place    | Note
-------+----------+-------------------------------------------
     0 | D:1      | redwoodhats the Tengu Monk began the quest for the Orb.
     0 | D:1      | Reached XP level 1. HP: 14/14 MP: 2/2
   267 | D:1      | Reached XP level 2. HP: 17/19 MP: 3/3
   289 | D:1      | Found a shattered altar of Ashenzari.
   435 | D:1      | Reached XP level 3. HP: 20/23 MP: 4/4
   723 | D:1      | Gained mutation: Your system is resistant to poisons.
                  | (rPois) [potion of mutation]
   723 | D:1      | Gained mutation: You have a somewhat thin skeletal
                  | structure. (Dex +2, Stealth) [potion of mutation]
   723 | D:1      | Gained mutation: You are resistant to hostile enchantments.
                  | (MR+) [potion of mutation]
   970 | D:2      | Reached XP level 4. HP: 27/28 MP: 5/5
  2216 | D:1      | Became a worshipper of Ashenzari the Shackled
  2216 | D:1      | Reached * piety under Ashenzari
  2216 | D:1      | Reached ** piety under Ashenzari
  2479 | D:3      | Gained mutation: You can fly. [Tengu growth]
  2479 | D:3      | Reached XP level 5. HP: 27/32 MP: 6/6
  2494 | D:3      | Reached skill level 1 in Slings
  3119 | D:3      | Found a faded altar of an unknown god.
  3695 | D:4      | Noticed Natasha
  3709 | D:4      | Killed Natasha
  3735 | D:4      | Noticed a slave
  3735 | D:4      | Noticed a slave
  3735 | D:4      | Noticed a slave
  3735 | D:4      | Noticed Pikel
  3813 | D:4      | Reached skill level 1 in Armour
  3910 | D:4      | Killed a slave
  3918 | D:4      | Slain by a slave

Skill      XL: |  1  2  3  4  5 |
---------------+----------------+-----
Polearms       | 4 |  4.8
Dodging        | 4 |  4.4
Slings         | 1 |  1.7
Armour         | 1 |  1.1
Fighting       | |  3.7
Throwing       | |  0.1
Stealth        | |  2.6

Action                   |  1- 3 |  4- 6 || total
-------------------------+-------+-------++-------
Melee: Spear             |    99 |   136 ||   235
       Peck              |    10 |    20 ||    30
       Kick              |    32 |    38 ||    70
       Trident           |       |    29 ||    29
 Fire: Hunting sling     |       |    27 ||    27
Throw: Tomahawk          |       |     3 ||     3
Invok: Curse Item        |       |     1 ||     1
       Scrying           |       |     1 ||     1
 Abil: Fly               |       |     3 ||     3
  Use: Scroll            |     3 |     4 ||     7
       Potion            |     1 |     6 ||     7
 Stab: Sleeping          |     2 |     2 ||     4
  Eat: Chunk             |       |     2 ||     2
       Ration            |       |     2 ||     2
Armor: Robe              |    18 |    15 ||    33
       Scale mail        |       |    44 ||    44
Dodge: Dodged            |    61 |   103 ||   164
